 Dungeon Crawl Stone Soup version 0.19.3-4-gbf9329e (webtiles) character file.

65 sveltemanboy the Conjurer (level 4, -2/24 HPs)
             Began as a Tengu Conjurer on Jan 28, 2017.
             Slain by Terence
             ... wielding a +0 mace
              (5 damage)
             ... on level 2 of the Dungeon.
             The game lasted 00:04:39 (1478 turns).

sveltemanboy the Conjurer (Tengu Conjurer)          Turns: 1478, Time: 00:04:39

Health: -2/24      AC:  3    Str:  8    XL:     4   Next: 13%
Magic:  1/8        EV: 12    Int: 16    God:
Gold:   60         SH:  0    Dex: 15    Spells: 2 memorised, 4 levels left

rFire  . . .     SeeInvis .     (no weapon)
rCold  . . .     Gourm    .     k - +0 leather armour
rNeg   . . .     Faith    .     (no shield)
rPois  .         Spirit   .     (helmet restricted)
rElec  .         Reflect  .     (no cloak)
rCorr  .         Harm     .     (no gloves)
MR     .....                    (boots unavailable)
Stlth  ++........               (no amulet)
                                (no ring)
                                (no ring)

@: slowed, very slow
A: beak, talons 3
a: no special abilities


You were on level 2 of the Dungeon.
You were not hungry.

You visited 1 branch of the dungeon, and saw 2 of its levels.

You collected 60 gold pieces.

Inventory:

Armour
 k - a +0 leather armour (worn)
Scrolls
 d - 2 scrolls of enchant weapon {unknown}
 e - a scroll of identify {unknown}
 f - a scroll of magic mapping {unknown}
 g - a scroll of remove curse {unknown}
Potions
 i - a potion of brilliance {unknown}
 j - a potion of flight {unknown}
Books
 b - a book of Conjurations

   Spells                             Type                      Level
   a - Magic Dart                     Conjuration                  1
   b - Searing Ray                    Conjuration                  2
   c - Dazzling Spray                 Conjuration/Hexes            3
   d - Fulminant Prism                Conjuration/Hexes            4
   e - Iskenderun's Mystic Blast      Conjuration                  4
   f - Iskenderun's Battlesphere      Conjuration/Charms           5
Comestibles
 a - a meat ration
 c - 4 bread rations
 h - 3 chunks of flesh


   Skills:
 + Level 2.5 Armour
 - Level 2.1 Dodging
 - Level 2.0 Stealth
 - Level 2.0 Spellcasting
 + Level 6.5 Conjurations


You had 4 spell levels left.
You knew the following spells:

 Your Spells              Type           Power        Failure   Level  Hunger
a - Magic Dart            Conj           ###.         1%          1    #......
b - Searing Ray           Conj           ###...       2%          2    ###....


Dungeon Overview and Level Annotations

Branches:
Dungeon (2/15)

Altars:
Ru

Annotations:
D:2 Terence


Innate Abilities, Weirdness & Mutations

You have a beak for a mouth.
You have claws for feet.


Message History

Terence says, "Did you write a will?
You should..."
Terence hits you with a mace!
* * * LOW HITPOINT WARNING * * *
You are too injured to fight recklessly!
You are too injured to fight recklessly!
You hit Terence but do no damage. You peck Terence, but do no damage.
Terence is almost dead.
Terence hits you but does no damage.
You barely miss Terence. You claw Terence, but do no damage.
Terence is almost dead.
Terence barely misses you. Terence hits you with a mace.
* * * LOW HITPOINT WARNING * * *
You barely miss Terence. Your kick misses Terence.
Terence is almost dead.
Terence zaps a wand.
You feel as though you will be slow longer.
You hit Terence.
Terence is almost dead.
Terence hits you with a mace.
You die...

#.........#.# #
#.........#.# # #######
.........#.### .......
##.#.##.....##. .......
##.#.#.#..#..##.
.?.....##.#...#.#.....#.
.........#.....#.##.....
.......@.#.≈≈≈.#.##[.#..
####.##@.#≈...≈#.)##.#.#
# ##.#≈._.≈#..##.#.#
#.#≈...≈#.......#
#.#.≈≈≈.#.##...##
#.#.....#÷##...#
##.#...#.###....#
##.#.#.## ...#.. ##.#.##
##.#.. ##.## #.#.#


You could see Terence.

Vanquished Creatures
  3 adders (D:2)
  An ooze (D:1)
  3 dart slugs (D:1)
  A leopard gecko (D:2)
  4 hobgoblins
  3 kobolds (D:1)
  A quokka (D:2)
  3 bats
  6 frilled lizards
  2 goblins (D:1)
  6 rats
33 creatures vanquished.

Notes
Turn   | Place    | Note
-------+----------+-------------------------------------------
     0 | D:1      | sveltemanboy the Tengu Conjurer began the quest for the Orb.
     0 | D:1      | Reached XP level 1. HP: 10/10 MP: 4/4
   244 | D:1      | Reached skill level 1 in Armour
   244 | D:1      | Reached XP level 2. HP: 15/15 MP: 3/6
   387 | D:1      | Learned a level 2 spell: Searing Ray
   655 | D:1      | Reached skill level 6 in Conjurations
   688 | D:1      | Reached XP level 3. HP: 19/19 MP: 3/7
  1274 | D:2      | Found a sacrificial altar of Ru.
  1374 | D:2      | Noticed Terence
  1404 | D:2      | Reached XP level 4. HP: 24/24 MP: 3/8
  1478 | D:2      | Slain by Terence

Skill      XL: |  1  2  3 |
---------------+----------+-----
Armour         | 1 2 |  2.5
Conjurations   | 6 |  6.5
Dodging        | |  2.1
Stealth        | |  2.0
Spellcasting   | |  2.0

Action                   |  1- 3 |  4- 6 || total
-------------------------+-------+-------++-------
Melee: Unarmed           |       |    15 ||    15
       Kick              |       |     3 ||     3
       Peck              |       |     2 ||     2
 Cast: Magic Dart        |    54 |     3 ||    57
       Searing Ray       |     4 |     2 ||     6
  Eat: Chunk             |     3 |       ||     3
Armor: Leather armour    |     2 |     2 ||     4
Dodge: Dodged            |     3 |     6 ||     9
